General information
- name: BNet
- type: Ladder team game (AT/RT)
- host: Battle.net
- saver: BEAR_AND
map: Highperch
- players: 6
- length: 99:07
- speed: Fast
- version: 1.21 W3XP
- replay type:

» download(496 KB)
Players
team 1 (loser)

»
Croquette (
blue | 74 APM | 7260 actions | 98:14)
5 Pandaren Brewmaster
3 Breath of Fire
2 Drunken Haze
4 Shadow Hunter
2 Hex
2 Healing Wave
4 Tauren Chieftain
2 Endurance Aura
2 Shockwave
» actions
| Assign group hotkey | 60 | |
| Basic commands | 1325 | |
| Build / train | 96 | |
| Enter build submenu | 16 | |
| Enter hero's abilities submenu | 14 | |
| Give item / drop item | 2 | |
| Remove unit from queue | 1 | |
| Right click | 2076 | |
| Select / deselect | 1179 | |
| Select group hotkey | 2183 | |
| Use ability | 307 | |
7260 total
» units
| Peon | 16 | |
| Grunt | 7 | |
| Razormane Medicine Man | 2 | |
| Shaman | 5 | |
| Demolisher | 6 | |
| Wind Rider | 6 | |
| Troll Witch Doctor | 7 | |
| Kodo Beast | 2 | |
| Troll Batrider | 2 | |
53 total
» upgrades
| Berserker Strength | 1 | |
| Shaman Training | 2 | |
| Burning Oil | 1 | |
| Envenomed Spears | 1 | |
| Ranged Weapons | 3 | |
| Witch Doctor Training | 2 | |
| War Drums Damage Increase | 1 | |
| Armor | 3 | |
| Reinforced Defenses | 1 | |
| Spiked Barricades | 2 | |
| Pillage | 1 | |
18 total
» buildings
| Altar of Storms | 1 | |
| Orc Burrow | 8 | |
| Barracks | 1 | |
| Voodoo Lounge | 1 | |
| Stronghold | 1 | |
| Great Hall | 1 | |
| War Mill | 1 | |
| Fortress | 1 | |
| Spirit Lodge | 1 | |
| Beastiary | 2 | |
18 total
» build order
00:06 Altar of Storms
00:20 Orc Burrow
00:38 Barracks
01:33 Orc Burrow
02:33 Voodoo Lounge
03:39 Orc Burrow
05:01 Stronghold
05:42 Great Hall
06:41 War Mill
07:17 Orc Burrow
07:27 Fortress
07:30 Spirit Lodge
11:09 Orc Burrow
12:45 Orc Burrow
12:47 Beastiary
14:03 Beastiary
15:14 Orc Burrow
16:09 Orc Burrow
» items
| Healing Salve | 2 | |
| Lesser Clarity Potion | 1 | |
| Scroll of Speed | 2 | |
| Orb of Lightning | 1 | |
6 total

»
I_AM_JOE_BLACK (
red | 28 APM | 2823 actions | 99:06)
4 Lich
2 Frost Nova
2 Frost Armor
4 Death Knight
2 Death Coil
2 Unholy Aura
» actions
| Assign group hotkey | 28 | |
| Basic commands | 18 | |
| Build / train | 53 | |
| Enter build submenu | 27 | |
| Enter hero's abilities submenu | 8 | |
| Give item / drop item | 3 | |
| Remove unit from queue | 1 | |
| Right click | 1631 | |
| Select / deselect | 589 | |
| Select group hotkey | 336 | |
| Use ability | 129 | |
2823 total
» units
| Acolyte | 8 | |
| Ghoul | 3 | |
| Crypt Fiend | 4 | |
| Obsidian Statue | 4 | |
| Frost Wyrm | 3 | |
| Gargoyle | 4 | |
26 total
» upgrades
| Creature Attack | 3 | |
| Web | 1 | |
| Burrow | 1 | |
| Creature Carapace | 3 | |
| Freezing Breath | 1 | |
| Stone Form | 1 | |
| Destroyer Form | 1 | |
11 total
» buildings
| Crypt | 2 | |
| Ziggurat | 7 | |
| Altar of Darkness | 1 | |
| Graveyard | 1 | |
| Nerubian Tower | 1 | |
| Halls of the Dead | 1 | |
| Slaughterhouse | 2 | |
| Tomb of Relics | 2 | |
| Sacrificial Pit | 1 | |
| Black Citadel | 1 | |
| Boneyard | 2 | |
21 total
» build order
00:09 Crypt
00:12 Ziggurat
00:52 Altar of Darkness
01:37 Ziggurat
02:02 Graveyard
02:11 Nerubian Tower
02:40 Crypt
02:50 Ziggurat
05:18 Halls of the Dead
06:59 Ziggurat
07:08 Ziggurat
08:04 Slaughterhouse
08:09 Tomb of Relics
10:01 Sacrificial Pit
13:26 Black Citadel
14:39 Ziggurat
14:44 Ziggurat
16:21 Boneyard
16:32 Boneyard
58:00 Slaughterhouse
59:31 Tomb of Relics
» items
TheHuntedNoob (
orange | 34 APM | 3356 actions | 98:03)
3 Warden
2 Fan of Knives
1 Shadow Strike
3 Priestess of the Moon
2 Trueshot Aura
1 Searing Arrows
» actions
| Assign group hotkey | 34 | |
| Basic commands | 344 | |
| Build / train | 95 | |
| ESC pressed | 7 | |
| Enter build submenu | 19 | |
| Enter hero's abilities submenu | 6 | |
| Give item / drop item | 3 | |
| Remove unit from queue | 1 | |
| Right click | 1302 | |
| Select / deselect | 317 | |
| Select group hotkey | 1135 | |
| Use ability | 93 | |
3356 total
» units
| Wisp | 22 | |
| Archer | 14 | |
| Hippogryph | 13 | |
| Chimaera | 8 | |
57 total
» upgrades
| Strength of the Moon | 3 | |
| Improved Bows | 1 | |
| Hippogryph Taming | 1 | |
| Corrosive Breath | 1 | |
| Ultravision | 1 | |
| Moon Armor | 3 | |
| Strength of the Wild | 3 | |
| Reinforced Hides | 4 | |
| Marksmanship | 1 | |
| Well Spring | 1 | |
19 total
» buildings
| Altar of Elders | 1 | |
| Moon Well | 9 | |
| Ancient of War | 1 | |
| Hunter's Hall | 1 | |
| Tree of Ages | 1 | |
| Ancient of Wonders | 1 | |
| Tree of Eternity | 1 | |
| Ancient of Wind | 1 | |
| Tree of Life | 1 | |
| Ancient Protector | 1 | |
| Chimaera Roost | 2 | |
20 total
» build order
00:08 Altar of Elders
00:20 Moon Well
00:48 Ancient of War
01:22 Moon Well
02:36 Hunter's Hall
03:42 Tree of Ages
03:45 Moon Well
04:31 Moon Well
04:56 Moon Well
05:05 Ancient of Wonders
06:44 Tree of Eternity
07:41 Ancient of Wind
08:56 Tree of Life
09:00 Ancient Protector
09:11 Chimaera Roost
12:51 Moon Well
14:13 Chimaera Roost
15:18 Moon Well
16:33 Moon Well
16:36 Moon Well
» items
| Potion of Healing | 3 | |
| Potion of Mana | 3 | |
| Boots of Speed | 1 | |
| Orb of Venom | 1 | |
8 total
team 2 (winner)
BEAR_AND (
yellow | 61 APM | 6063 actions | 99:07)
6 Warden
3 Shadow Strike
3 Blink
» actions
| Assign group hotkey | 21 | |
| Build / train | 103 | |
| Enter build submenu | 19 | |
| Enter hero's abilities submenu | 6 | |
| Give item / drop item | 17 | |
| Remove unit from queue | 14 | |
| Right click | 3564 | |
| Select / deselect | 458 | |
| Select group hotkey | 1447 | |
| Use ability | 407 | |
6063 total
» units
| Wisp | 22 | |
| Druid of the Talon | 29 | |
51 total
» upgrades
| Nature's Blessing | 1 | |
| Ultravision | 1 | |
| Strength of the Wild | 3 | |
| Reinforced Hides | 3 | |
| Druid of the Talon Training | 2 | |
| Well Spring | 1 | |
| Mark of the Talon | 1 | |
12 total
» buildings
| Altar of Elders | 1 | |
| Moon Well | 12 | |
| Tree of Life | 1 | |
| Tree of Ages | 2 | |
| Hunter's Hall | 1 | |
| Ancient of Wonders | 1 | |
| Tree of Eternity | 1 | |
| Ancient of Wind | 3 | |
22 total
» build order
00:34 Altar of Elders
00:37 Moon Well
01:22 Moon Well
04:46 Tree of Life
06:23 Tree of Ages
06:23 Tree of Ages
07:35 Hunter's Hall
09:21 Ancient of Wonders
09:27 Moon Well
09:28 Moon Well
09:29 Moon Well
09:50 Tree of Eternity
10:01 Ancient of Wind
11:52 Ancient of Wind
24:33 Ancient of Wind
25:04 Moon Well
25:05 Moon Well
25:06 Moon Well
25:07 Moon Well
27:41 Moon Well
28:30 Moon Well
30:25 Moon Well
» items
| Boots of Speed | 1 | |
| Orb of Venom | 2 | |
| Staff of Teleportation | 1 | |
| Ivory Tower | 5 | |
| Periapt of Vitality | 1 | |
| Scroll of Healing | 2 | |
| Scroll of Protection | 2 | |
14 total
dirtmcwordup (
purple | 42 APM | 4140 actions | 99:06)
5 Blood Mage
3 Flame Strike
1 Siphon Mana
1 Banish
5 Mountain King
3 Storm Bolt
2 Bash
» actions
| Assign group hotkey | 20 | |
| Basic commands | 61 | |
| Build / train | 116 | |
| ESC pressed | 7 | |
| Enter build submenu | 50 | |
| Enter hero's abilities submenu | 10 | |
| Give item / drop item | 10 | |
| Right click | 1850 | |
| Select / deselect | 400 | |
| Select group hotkey | 1242 | |
| Use ability | 370 | |
4140 total
» units
| Peasant | 13 | |
| Dragonhawk Rider | 23 | |
| Priest | 1 | |
37 total
» upgrades
| Masonry | 3 | |
| Magic Sentry | 1 | |
| Armor | 3 | |
| Swords | 3 | |
| Cloud | 1 | |
| Animal War Training | 1 | |
| Priest Training | 1 | |
13 total
» buildings
| Altar of Kings | 1 | |
| Lumber Mill | 1 | |
| Farm | 14 | |
| Scout Tower | 48 | |
| Arcane Tower | 1 | |
| Guard Tower | 34 | |
| Town Hall | 1 | |
| Keep | 1 | |
| Arcane Sanctum | 1 | |
| Blacksmith | 1 | |
| Gryphon Aviary | 2 | |
| Arcane Vault | 2 | |
| Castle | 1 | |
| Barracks | 1 | |
109 total
» build order
00:10 Altar of Kings
00:17 Lumber Mill
00:30 Farm
01:26 Farm
01:31 Scout Tower
01:40 Scout Tower
01:54 Scout Tower
01:57 Arcane Tower
02:05 Scout Tower
02:06 Scout Tower
02:09 Guard Tower
02:17 Scout Tower
02:18 Scout Tower
02:27 Guard Tower
02:39 Guard Tower
02:51 Guard Tower
03:03 Guard Tower
03:19 Guard Tower
03:22 Scout Tower
03:27 Scout Tower
03:29 Scout Tower
03:34 Scout Tower
04:03 Guard Tower
04:10 Farm
04:21 Guard Tower
04:26 Scout Tower
04:56 Town Hall
05:05 Guard Tower
05:08 Scout Tower
05:09 Scout Tower
05:10 Scout Tower
05:11 Scout Tower
05:16 Scout Tower
05:18 Scout Tower
05:23 Scout Tower
05:25 Scout Tower
05:26 Scout Tower
05:56 Guard Tower
06:03 Keep
06:05 Scout Tower
06:06 Scout Tower
06:06 Scout Tower
06:07 Scout Tower
06:09 Scout Tower
06:09 Scout Tower
06:37 Guard Tower
06:40 Guard Tower
07:49 Guard Tower
07:51 Scout Tower
07:51 Scout Tower
07:56 Scout Tower
07:57 Scout Tower
07:58 Scout Tower
07:59 Scout Tower
07:59 Scout Tower
08:00 Scout Tower
08:01 Scout Tower
08:01 Scout Tower
09:20 Guard Tower
09:23 Guard Tower
09:25 Scout Tower
09:26 Scout Tower
09:27 Scout Tower
09:33 Scout Tower
09:33 Scout Tower
09:35 Scout Tower
09:35 Scout Tower
09:49 Guard Tower
09:55 Arcane Sanctum
09:56 Guard Tower
10:01 Blacksmith
10:11 Gryphon Aviary
10:27 Guard Tower
10:40 Guard Tower
10:53 Guard Tower
11:30 Guard Tower
12:04 Guard Tower
12:09 Arcane Vault
12:36 Guard Tower
12:45 Castle
12:50 Arcane Vault
13:01 Barracks
13:25 Scout Tower
13:25 Scout Tower
13:26 Scout Tower
13:27 Scout Tower
13:37 Guard Tower
13:49 Farm
13:50 Farm
13:53 Farm
13:54 Farm
15:09 Guard Tower
18:04 Guard Tower
19:55 Farm
19:56 Farm
19:58 Farm
20:00 Farm
20:02 Farm
22:50 Guard Tower
22:58 Guard Tower
23:10 Guard Tower
23:40 Gryphon Aviary
24:13 Guard Tower
24:55 Guard Tower
25:09 Guard Tower
25:58 Farm
25:58 Farm
27:01 Guard Tower
27:45 Guard Tower
» items
| Staff of Teleportation | 2 | |
| Boots of Speed | 2 | |
| Staff of Sanctuary | 2 | |
| Orb of Venom | 2 | |
| Ivory Tower | 6 | |
| Periapt of Vitality | 1 | |
| Circlet of Nobility | 2 | |
17 total
iggy_the_fisk (
teal | 64 APM | 6328 actions | 99:06)
5 Blood Mage
3 Flame Strike
2 Siphon Mana
2 Archmage
1 Blizzard
1 Brilliance Aura
» actions
| Assign group hotkey | 109 | |
| Basic commands | 37 | |
| Build / train | 138 | |
| Enter build submenu | 63 | |
| Enter hero's abilities submenu | 7 | |
| Give item / drop item | 32 | |
| Remove unit from queue | 8 | |
| Right click | 3372 | |
| Select / deselect | 504 | |
| Select group hotkey | 1700 | |
| Use ability | 358 | |
6328 total
» units
| Peasant | 14 | |
| Dragonhawk Rider | 19 | |
33 total
» upgrades
| Masonry | 3 | |
| Magic Sentry | 1 | |
| Animal War Training | 1 | |
| Swords | 3 | |
| Armor | 3 | |
| Cloud | 1 | |
12 total
» buildings
| Altar of Kings | 1 | |
| Farm | 13 | |
| Lumber Mill | 2 | |
| Scout Tower | 44 | |
| Arcane Tower | 3 | |
| Guard Tower | 34 | |
| Keep | 1 | |
| Arcane Vault | 2 | |
| Arcane Sanctum | 1 | |
| Castle | 1 | |
| Gryphon Aviary | 1 | |
| Blacksmith | 1 | |
| Barracks | 1 | |
105 total
» build order
00:21 Altar of Kings
00:34 Farm
00:49 Lumber Mill
00:53 Farm
01:44 Scout Tower
01:58 Scout Tower
02:11 Scout Tower
02:12 Arcane Tower
02:26 Guard Tower
02:27 Scout Tower
02:39 Guard Tower
02:40 Scout Tower
02:58 Guard Tower
03:00 Scout Tower
03:11 Guard Tower
03:14 Scout Tower
03:17 Scout Tower
03:34 Guard Tower
03:37 Scout Tower
03:40 Keep
03:49 Scout Tower
04:11 Guard Tower
04:12 Scout Tower
04:13 Scout Tower
04:19 Guard Tower
04:20 Scout Tower
04:41 Guard Tower
04:52 Arcane Vault
04:55 Guard Tower
05:00 Scout Tower
05:01 Scout Tower
05:03 Scout Tower
05:18 Guard Tower
05:24 Farm
05:25 Farm
05:51 Scout Tower
05:53 Scout Tower
05:54 Scout Tower
06:00 Scout Tower
06:01 Scout Tower
06:13 Scout Tower
06:14 Scout Tower
06:23 Scout Tower
06:24 Scout Tower
06:26 Scout Tower
06:27 Scout Tower
06:31 Arcane Sanctum
07:23 Guard Tower
07:50 Guard Tower
07:55 Scout Tower
08:05 Guard Tower
08:08 Scout Tower
08:09 Scout Tower
08:42 Guard Tower
09:02 Guard Tower
09:04 Castle
09:25 Scout Tower
09:27 Scout Tower
09:29 Scout Tower
09:30 Scout Tower
10:03 Gryphon Aviary
10:06 Blacksmith
10:08 Barracks
10:12 Guard Tower
10:25 Guard Tower
10:47 Scout Tower
10:49 Scout Tower
10:50 Scout Tower
10:51 Scout Tower
11:04 Scout Tower
11:06 Scout Tower
11:33 Guard Tower
11:34 Scout Tower
11:35 Scout Tower
12:10 Guard Tower
12:28 Guard Tower
13:00 Guard Tower
13:07 Farm
13:08 Farm
14:37 Farm
15:36 Scout Tower
15:37 Scout Tower
16:42 Guard Tower
18:54 Farm
18:56 Farm
18:57 Farm
21:22 Farm
21:23 Farm
21:24 Farm
23:09 Guard Tower
23:53 Guard Tower
24:08 Guard Tower
24:40 Guard Tower
26:43 Guard Tower
26:49 Guard Tower
27:04 Guard Tower
28:31 Guard Tower
28:41 Arcane Vault
30:19 Guard Tower
30:42 Guard Tower
30:45 Guard Tower
30:48 Guard Tower
31:02 Arcane Tower
31:30 Lumber Mill
32:45 Arcane Tower
» items
| Ivory Tower | 27 | |
| Staff of Sanctuary | 2 | |
| Boots of Speed | 2 | |
| Staff of Teleportation | 2 | |
| Periapt of Vitality | 1 | |
| Circlet of Nobility | 1 | |
| Potion of Lesser Invulnerability | 1 | |
| Scroll of Healing | 1 | |
37 total
Chat log
(01:00 / All) BEAR_AND: hey
(01:02 / All) BEAR_AND: gl hf
(01:06 / All) I_AM_JOE_BLACK: u2
(01:07 / All) TheHuntedNoob: u too
(03:32 / All) I_AM_JOE_BLACK: DAMN
(04:14 / Allies) iggy_the_fisk: sure
(04:33 / All) iggy_the_fisk: damn...
(08:51 / Allies) iggy_the_fisk: gold
(12:04 / Allies) iggy_the_fisk: could use more hu shops
(12:31 / Allies) dirtmcwordup: lagger.......
(13:58 / Allies) dirtmcwordup: lum like crazy
(15:59 / Allies) iggy_the_fisk: that's some careful pulting
(20:34 / Allies) iggy_the_fisk: not a ot of gold left
(20:52 / Allies) iggy_the_fisk: we haven't lost a tower this is weird
(21:16 / Allies) iggy_the_fisk: gold me
(21:18 / Allies) iggy_the_fisk: start crankin hawks
(21:58 / Allies) iggy_the_fisk: i'ma start placing i guess
(31:48 / Allies) iggy_the_fisk: no ivories so
(31:54 / Allies) iggy_the_fisk: or do we have any leftn
(31:55 / Allies) iggy_the_fisk: nope
(32:13 / Allies) iggy_the_fisk: i'm not doing it for 1 tower
(32:19 / Allies) iggy_the_fisk: you are so obsessed with that
(32:24 / Allies) dirtmcwordup: what are you saving 4000 gold for.
(32:34 / All) I_AM_JOE_BLACK: leave plz
(32:35 / Allies) iggy_the_fisk: yeah
(32:38 / Allies) iggy_the_fisk: that's party the point
(32:43 / All) TheHuntedNoob: god common noobs
(32:49 / All) I_AM_JOE_BLACK: l;ol
(32:50 / Allies) iggy_the_fisk: instead of them perching
(32:52 / Allies) iggy_the_fisk: searching
(32:57 / Allies) iggy_the_fisk: it's a sudden reveal
(33:38 / Allies) iggy_the_fisk: yep
(33:40 / Allies) iggy_the_fisk: and peasants
(33:42 / Allies) iggy_the_fisk: can be staffed up
(33:44 / All) I_AM_JOE_BLACK: lol nice teal
(34:10 / All) I_AM_JOE_BLACK: u really think we'l;l tp for that?
(34:22 / All) iggy_the_fisk: muahah how u gonna win with no wisps...
(34:28 / All) I_AM_JOE_BLACK: lol
(34:32 / Allies) iggy_the_fisk: he can't
(34:33 / Allies) iggy_the_fisk: anyway
(34:36 / Allies) iggy_the_fisk: nothing tos taff to
(34:47 / Allies) iggy_the_fisk: ooh lucky
(35:06 / Allies) dirtmcwordup: keep air on hold position
(35:27 / All) I_AM_JOE_BLACK: LOL
(36:33 / Allies) iggy_the_fisk: what level warden at
(37:02 / Allies) iggy_the_fisk: missed stop
(37:06 / Allies) iggy_the_fisk: cost me!
(38:14 / Allies) iggy_the_fisk: why
(38:15 / Allies) iggy_the_fisk: who cares
(38:16 / Allies) iggy_the_fisk: we win
(38:23 / Allies) iggy_the_fisk: wanna go
(39:03 / Allies) iggy_the_fisk: just like last game you whine about gold and no orcs or whatever
(39:07 / Allies) iggy_the_fisk: it's not like they'll kill us ever
(39:35 / All) I_AM_JOE_BLACK: B
(40:34 / Allies) iggy_the_fisk: what a shit army
(41:03 / All) BEAR_AND: lmao
(41:44 / Allies) iggy_the_fisk: i killed an archer much greater feat
(41:57 / Allies) iggy_the_fisk: and fan of knives
(41:59 / All) BEAR_AND: where your warden,
(42:07 / All) iggy_the_fisk: how u doing...
(42:45 / All) BEAR_AND: you stink @ war3
(43:09 / Allies) iggy_the_fisk: placing sentries all over town
(43:10 / Allies) iggy_the_fisk: classic
(44:08 / Allies) iggy_the_fisk: he hexed one and still failed to kill it
(44:23 / Allies) iggy_the_fisk: 3 bats dang
(44:53 / Allies) iggy_the_fisk: did he have any witches left
(45:20 / All) I_AM_JOE_BLACK: u are such bitches
(45:23 / All) BEAR_AND: lmao
(45:25 / All) BEAR_AND: pwned & owned
(45:40 / All) iggy_the_fisk: bitching warcraft skills am i right HAHAHAHA
(46:00 / All) I_AM_JOE_BLACK: umm no your wrong you are using an exploit that is lame
(46:06 / All) BEAR_AND: lmao hahahahha lmfao
(46:09 / All) TheHuntedNoob: lol this is not skills... this is whack like ur momma's bed
(46:11 / Allies) iggy_the_fisk: you can't overcharge mana with friendly siphons is so gay
(46:42 / All) TheHuntedNoob: that's right, come down bitchass
(46:45 / Allies) iggy_the_fisk: they only had gold for 3 bats
(46:50 / All) iggy_the_fisk: plz leave
(46:53 / All) iggy_the_fisk: we don't have a lot of time...
(46:56 / All) iggy_the_fisk: you can't kill us
(47:25 / All) dirtmcwordup: if G_d didn't want us to Perch up here He wouldnt of Let us.
(47:27 / All) TheHuntedNoob: LOL, want me to leave like how i left ur momma?
(47:46 / All) TheHuntedNoob: then i had a stupid kid like u
(47:50 / All) TheHuntedNoob: lmao
(47:58 / Allies) iggy_the_fisk: retrain your skills five times
(48:14 / Allies) iggy_the_fisk: yeah
(48:32 / Allies) iggy_the_fisk: andthey have 0 air or gold
(48:54 / All) BEAR_AND: good bof
(49:06 / All) dirtmcwordup: kindly take a shit and leave.
(49:12 / Allies) iggy_the_fisk: still haven't had the revelation of selling their tiems
(49:13 / Allies) iggy_the_fisk: items
(49:17 / Allies) iggy_the_fisk: usually takes losing a few heroes
(49:22 / Allies) iggy_the_fisk: then RIGHT sell items unsummon
(51:16 / Allies) iggy_the_fisk: can't hit that tree
(51:23 / Allies) iggy_the_fisk: also lost my am might not have noticed lmao
(52:09 / Allies) iggy_the_fisk: reinforced defenses
(53:06 / All) dirtmcwordup: hahah fatsos out of gold? muahahah
(54:32 / Allies) iggy_the_fisk: did they have more than 2 bats amazing
(54:40 / Allies) iggy_the_fisk: man
(54:43 / Allies) iggy_the_fisk: if a hero gets up here
(54:44 / Allies) iggy_the_fisk: we're boned
(55:06 / Allies) iggy_the_fisk: lvl 3 hero
(55:16 / Allies) iggy_the_fisk: we didn't fight ever so
(56:21 / All) iggy_the_fisk: did your plan work out ok
(56:25 / All) BEAR_AND: gl hf
(56:39 / All) iggy_the_fisk: you need more air i think
(56:48 / All) BEAR_AND: better unsummon your base LOL
(56:52 / All) iggy_the_fisk: say "iggy is very handsome" and i staff down and buy items for you
(56:55 / All) iggy_the_fisk: you can sell them
(56:59 / All) iggy_the_fisk: watch out for upkeep though lol
(58:18 / Allies) iggy_the_fisk: just kapow
(58:21 / Allies) iggy_the_fisk: show up with 15 bears
(58:56 / Allies) iggy_the_fisk: they are also total shit
(58:57 / Allies) iggy_the_fisk: so
(61:21 / All) BEAR_AND: bwahahhaha where are you going!??!?
(61:24 / All) BEAR_AND: to ur grave
(61:39 / Allies) iggy_the_fisk: that's the final phase
(62:03 / Allies) iggy_the_fisk: actually got it this time
(62:39 / Allies) iggy_the_fisk: still
(62:45 / Allies) iggy_the_fisk: you have hawk backup
(62:52 / Allies) iggy_the_fisk: ...hawkup? dunno
(64:35 / All) BEAR_AND: pffft.......pathetic
(64:45 / All) TheHuntedNoob: ur mom's pathetic
(64:51 / All) BEAR_AND: wat
(64:53 / All) TheHuntedNoob: stupid kid like u... i would kill myself
(65:00 / All) BEAR_AND: lmao who is winning this game of skill.
(65:01 / All) BEAR_AND: me.
(65:11 / All) I_AM_JOE_BLACK: um no u suck at this
(65:16 / All) BEAR_AND: ummmm who has gold
(65:19 / All) dirtmcwordup: where ur Frost Wyrm
(65:21 / All) TheHuntedNoob: ur not winning...lol winning is my raping ur momma
(65:32 / All) iggy_the_fisk: are you black
(65:44 / All) dirtmcwordup: lol nahhhhhhhhhhh
(65:46 / All) TheHuntedNoob: no u stupid packy
(65:53 / All) BEAR_AND: "packy" wtf is a packy
(66:02 / All) iggy_the_fisk: sure talk like a negroid thou
(66:09 / All) dirtmcwordup: and clipping my toenales!!!!!!1
(66:20 / All) TheHuntedNoob: lol negroid...go to school dumbass
(67:30 / Allies) iggy_the_fisk: all their other shit though whateva
(68:59 / Allies) iggy_the_fisk: some peons too lotta experience lying around
(69:08 / All) iggy_the_fisk: this isn't dota noob lmao
(69:44 / Allies) iggy_the_fisk: nah
(71:16 / All) BEAR_AND: wrongo
(71:31 / All) iggy_the_fisk: you did not sink my battleship rolf
(74:41 / Allies) iggy_the_fisk: dotts and fuck up orange prob
(74:52 / Allies) iggy_the_fisk: split up tho
(75:07 / Allies) iggy_the_fisk: like orange doesn't have crap there
(75:10 / Allies) iggy_the_fisk: could steamroll that
(75:18 / Allies) iggy_the_fisk: and swoosch to safety
(76:14 / All) BEAR_AND: lmao damn
(76:45 / All) BEAR_AND: bwahhahahahha almao
(78:10 / All) I_AM_JOE_BLACK: lol
(78:13 / All) TheHuntedNoob: DIE BIATCH
(78:19 / Allies) iggy_the_fisk: what were ut items
(78:20 / All) TheHuntedNoob: SOUND LIKE UR MOM BIATCH
(78:39 / All) I_AM_JOE_BLACK: when i put it in her as
(78:47 / All) TheHuntedNoob: lol
(78:54 / All) TheHuntedNoob: what a stupid bitch
(78:58 / All) BEAR_AND: hahahha lol
(79:02 / All) I_AM_JOE_BLACK: yeah she is
(81:42 / Allies) iggy_the_fisk: yea
(82:33 / Allies) BEAR_AND: damn
(82:37 / Allies) iggy_the_fisk: lmao
(83:11 / Allies) dirtmcwordup: mute me
(83:18 / Allies) dirtmcwordup: tell me when im muted
(83:25 / Allies) dirtmcwordup: giving you 10 seconds.
(83:27 / Allies) dirtmcwordup: 9
(83:28 / Allies) dirtmcwordup: 8
(83:29 / Allies) dirtmcwordup: 7
(83:29 / Allies) BEAR_AND: you are
(83:30 / Allies) dirtmcwordup: 6
(83:32 / Allies) dirtmcwordup: ok gone
(83:43 / Allies) dirtmcwordup: i think im muted
(83:46 / Allies) dirtmcwordup: by all of them
(84:25 / Allies) iggy_the_fisk: haha ok so this got a lil bit trickier
(84:26 / Allies) dirtmcwordup: i think riita is a girl
(84:30 / Allies) BEAR_AND: one of them is
(84:31 / Allies) dirtmcwordup: im about to hit on her if she is.
(85:15 / Allies) BEAR_AND: fiends are burrowed
(85:22 / Allies) dirtmcwordup: w/e i muted them
(86:49 / Allies) dirtmcwordup: umute me fags.
(86:52 / Allies) iggy_the_fisk: done
(88:12 / Allies) iggy_the_fisk: if they're all here
(88:15 / Allies) iggy_the_fisk: we can go kill undead
(88:17 / Allies) iggy_the_fisk: get fiends, chims
(89:14 / Allies) iggy_the_fisk: out
(90:28 / Allies) iggy_the_fisk: might be fakin
(91:33 / All) BEAR_AND: hahahahahhahah
(91:35 / All) BEAR_AND: ahhahhahahahahha
(93:38 / Allies) iggy_the_fisk: he repping it's crazy
(94:34 / All) BEAR_AND: u lose.....hahahh
(94:40 / Allies) iggy_the_fisk: killed destro no air left
(95:10 / Allies) iggy_the_fisk: finally they're hunkering down
(95:14 / Allies) iggy_the_fisk: in the base with least buildings
(95:55 / All) BEAR_AND: ok ready 2 lose....?
(95:58 / Allies) iggy_the_fisk: ima buy one
(96:08 / Allies) iggy_the_fisk: w8
(96:25 / Allies) iggy_the_fisk: ideally we would still have tol and just buy listas
(96:28 / Allies) iggy_the_fisk: pop buildings
(96:56 / Allies) iggy_the_fisk: i'm using one to cloud
(97:39 / All) BEAR_AND: gg hbawhahhahahahahah highper.ch for all replays
(98:32 / All) BEAR_AND: ok joe black
(98:40 / All) BEAR_AND: gg bye noob.
(98:45 / Allies) iggy_the_fisk: he afk tho
(99:05 / All) BEAR_AND: highper.ch